 Dungeon Crawl Stone Soup version 0.31-a0-198-g2ad674f65e (webtiles) character file.

Game seed: 1388391928461369036

97 qw the Shooter (level 4, -3/25 HPs)
             Began as a Deep Elf Hunter on June 25, 2023.
             Slain by Grinder (6 damage)
             ... on level 3 of the Dungeon.
             The game lasted 00:00:45 (1816 turns).

qw the Shooter (Deep Elf Hunter)                    Turns: 1816, Time: 00:00:45

Health: -3/25      AC:  5    Str: 10    XL:     4   Next: 42%
Magic:  6/6        EV: 12    Int: 14    God:
Gold:   164        SH:  0    Dex: 18    Spells: 3/3 levels left

rFire   + . .        Y - +0 shortbow
rCold   . . .        (shield currently unavailable)
rNeg    . . .        c - +0 leather armour
rPois   .            h - +1 helmet
rElec   .            (no cloak)
rCorr   .            (no gloves)
SInv    .            (no boots)
Will    .....        (no amulet)
Stlth   ++           e - ring of protection from fire
HPRegen 0.24/turn    (no ring)
MPRegen 0.10/turn

%: no passive effects
@: no status effects
A: no striking features
a: no special abilities


You were on level 3 of the Dungeon.
You visited 1 branch of the dungeon, and saw 3 of its levels.

You collected 164 gold pieces.


   Skills:
 - Level 1.5 Fighting
 + Level 7.8 Ranged Weapons
 - Level 2.4 Dodging
 - Level 1.2 Stealth


You had 3 spell levels left.
You didn't know any spells.
Your spell library was empty.

Inventory:

Hand Weapons
 Y - a +0 shortbow (weapon)
Armour
 c - a +0 leather armour (worn)
 h - a +1 helmet (worn)
Jewellery
 e - a ring of protection from fire (left hand)
Scrolls
 a - 2 scrolls of identify
 f - a scroll of noise {unknown}
Potions
 b - 2 potions of heal wounds {unknown}
 d - a potion of brilliance {unknown}
 g - a potion of might {unknown}

Dungeon Overview and Level Annotations

Branches:
Dungeon (3/15)

Altars:
Vehumet

Shops:
D:1 (

Annotations:
D:3 Grinder


Message History

Grinder is moderately wounded.
You shoot an arrow. The arrow hits Grinder.
Grinder is heavily wounded.
You shoot an arrow. The arrow barely misses Grinder.
Grinder gestures at you. Pain shoots through your body!
You shoot an arrow. The arrow closely misses Grinder.
Grinder hits you.
You shoot an arrow. The arrow hits Grinder!
Grinder is severely wounded.
Grinder gestures at you. Pain shoots through your body!
You shoot an arrow.
The arrow hits Grinder but does no damage.
Grinder is severely wounded.
Grinder closely misses you.
You shoot an arrow.
The arrow hits Grinder but does no damage.
Grinder is severely wounded.
Grinder barely misses you.
You shoot an arrow. The arrow barely misses Grinder.
Grinder says, "You look like you could use a good racking."
Grinder hits you.
You writhe in agony.
You shoot an arrow. The arrow completely misses Grinder.
Grinder hits you.
You writhe in agony.
You shoot an arrow. The arrow closely misses Grinder.
Grinder gestures at you. Pain shoots through your body!
You shoot an arrow.
The arrow hits Grinder but does no damage.
Grinder is severely wounded.
Grinder barely misses you.
You shoot an arrow. The arrow hits Grinder.
Grinder is almost dead.
Grinder hits you but does no damage.
You shoot an arrow.
The arrow hits Grinder but does no damage.
Grinder is severely wounded.
Grinder hits you.
You writhe in agony.
You die...

#.#...#.........####
#.#...#.#######.#
#.#...#.# #%#
#.#...#.#### #.####
#..........# #.##..
###....###.## #.##.#
#.).....#...###.....
#.##.#........####.#
#.#@5.........# #.#
#....#........# #.#
..............#.####..
#.##.......##...<...###
# ###.######..#.##.#
##. ........ .# .
#####.#... # . #.###..
#. #..


You could see Grinder.

Vanquished Creatures
  4 adders
  A worm (D:3)
  A dart slug (D:1)
  3 orcs (D:3)
  5 endoplasms
  A giant cockroach (D:1)
  2 goblins
  9 hobgoblins
  4 jackals (D:1)
  2 quokkas
  6 ball pythons
  3 bats
  2 frilled lizards
  2 kobolds
  5 rats
50 creatures vanquished.

Notes
Turn   | Place    | Note
-------+----------+-------------------------------------------
     0 | D:1      | qw the Deep Elf Hunter began the quest for the Orb.
     0 | D:1      | Reached XP level 1. HP: 12/12 MP: 3/3
     0 | D:1      | 0 ||| qw: Version: 0.3-a-22-g0ed2b0b
     0 | D:1      | 0 ||| qw: Game counter: 4974
     0 | D:1      | 0 ||| qw: Melee chars always use a shield: true
     0 | D:1      | 0 ||| qw: God list: Okawaru
     0 | D:1      | 0 ||| qw: Allow faded altars: false
     0 | D:1      | 0 ||| qw: Do Orc after clearing Dungeon:15 true
     0 | D:1      | 0 ||| qw: Do second Lair branch before Depths: true
     0 | D:1      | 0 ||| qw: Lair rune preference: random
     0 | D:1      | 0 ||| qw: Goals: Normal
     0 | D:1      | 0 ||| PLANNING D:1-11
    22 | D:1      | Found Wiheinirch's Antique Weapon Emporium.
   110 | D:1      | HP: 3/12 [frozen (5)]
   165 | D:1      | Reached XP level 2. HP: 16/16 MP: 4/4
   175 | D:1      | Reached skill level 6 in Ranged Weapons
   609 | D:1      | Reached XP level 3. HP: 20/20 MP: 5/5
   718 | D:1      | 718 ||| UPGRADING to +1 hat.
   723 | D:1      | 723 ||| READING 3 scrolls labelled ZAECOPR ASSIP.
   724 | D:1      | 724 ||| READING 2 scrolls of identify.
   724 | D:1      | 724 ||| IDENTIFYING blue potion
   725 | D:1      | 725 ||| DROPPING scroll of butterflies.
   726 | D:1      | 726 ||| DROPPING potion of lignification.
   736 | D:2      | Found a faded altar of an unknown god.
  1036 | D:2      | Reached skill level 7 in Ranged Weapons
  1373 | D:2      | 1373 ||| UPGRADING to +1 helmet.
  1383 | D:2      | 1383 ||| DROPPING +1 hat.
  1384 | D:2      | 1384 ||| UPGRADING to ring of protection from fire.
  1385 | D:2      | 1385 ||| READING 2 scrolls labelled ZIOCVI ACRI.
  1386 | D:2      | 1386 ||| DROPPING scroll of fear.
  1454 | D:3      | Reached XP level 4. HP: 24/25 MP: 6/6
  1501 | D:3      | Found a radiant altar of Vehumet.
  1796 | D:3      | Noticed Grinder
  1798 | D:3      | Paralysed by Grinder for 4 turns
  1813 | D:3      | HP: 3/25 [Grinder/nerve-wracking pain (5)]
  1816 | D:3      | Slain by Grinder

Levels and vault maps discovered:
D:1:      amcnicky_arrival_double_pillar, layout_basic, serial_shops,
          nicolae_shop_rolling_square
D:2:      minmay_spotlight, layout_basic, ebering_ecumenical_altar_sacrificial
D:3:      layout_loops_cross, vehumet_crystals, serial_shops,
          nicolae_diamond_shop, uniq_sigmund, uniq_grinder

Skill      XL: |  1  2  3 |
---------------+----------+-----
Ranged Weapons | 6 7 |  7.8
Fighting       | |  1.5
Dodging        | |  2.4
Stealth        | |  1.2

Action                     |  1- 3 |  4- 6 || total
---------------------------+-------+-------++-------
   Fire: Shortbow          |   114 |    58 ||   172
    Use: Scroll            |     3 |       ||     3
 Armour: Leather armour    |    18 |     5 ||    23
  Dodge: Dodged            |    42 |    10 ||    52

Table legend:
 A = Non-vault XP
 B = Vault XP
 C = Vault XP percentage of total XP
 D = Non-vault monster count
 E = Vault monster count
 F = Vault count percentage of total count
                 A         B        C        D         E       F
            +---------+---------+-------+---------+---------+-------
      Total |     133 |       6 |   4.3 |      47 |       3 |   6.0
            +---------+---------+-------+---------+---------+-------
        D:1 |      42 |       0 |   0.0 |      23 |       0 |   0.0
        D:2 |      29 |       6 |  17.1 |      11 |       3 |  21.4
        D:3 |      62 |       0 |   0.0 |      13 |       0 |   0.0
            +---------+---------+-------+---------+---------+-------
